 Dungeon Crawl Stone Soup version 0.32-a0-673-g3729bd50f8 (webtiles) character file.

Game seed: 15560982324809760407

484 dialectric the Trooper (level 7, 0/44 HPs)
             Began as a Gargoyle Fighter on Mar 10, 2024.
             Killed by divine providence
             ... invoked by an orc priest
              (12 damage)
             ... on level 5 of the Dungeon.
             The game lasted 00:02:35 (3067 turns).

dialectric the Trooper (Gargoyle Fighter)           Turns: 3067, Time: 00:02:35

Health: 0/44       AC: 12    Str: 22    XL:     7   Next: 12%
Magic:  7/7        EV:  9    Int:  8    God:
Gold:   240        SH:  4    Dex:  9    Spells: 6/6 levels left

rFire   . . .        e - +2 war axe (flame)
rCold   . . .        c - +0 buckler
rNeg    + . .        b - +0 scale mail
rPois   ∞            (no helmet)
rElec   +            (no cloak)
rCorr   .            (no gloves)
SInv    .            (no boots)
Will    .....        (no amulet) Stlth
                     (no ring)
HPRegen 0.27/turn    (no ring)
MPRegen 0.10/turn

%: no passive effects
@: mighty, brilliant
A: sickness immunity, AC +4, negative energy resistance 1, electricity
resistance, torment resistance 1, petrification resistance
a: Convert to Beogh


You were on level 5 of the Dungeon.
You visited 1 branch of the dungeon, and saw 5 of its levels.

You collected 240 gold pieces.

Inventory:

Hand Weapons
 a - a +0 flail
 e - a +2 war axe of flaming (weapon)
Armour
 b - a +0 scale mail (worn)
 c - a +0 buckler (worn)
Jewellery
 s - an amulet of reflection
Wands
 o - a wand of paralysis (15)
 t - a wand of flame (14)
Scrolls
 f - 2 scrolls of enchant weapon {unknown}
 g - 5 scrolls of amnesia {unknown}
 i - a scroll of fog {unknown}
 j - 2 scrolls of teleportation {unknown}
 m - a scroll of poison {unknown}
 n - a scroll of noise {unknown}
 p - a scroll of revelation {unknown}
 q - 2 scrolls of identify {unknown}
 v - a scroll of brand weapon {unknown}
Potions
 d - a potion of might
 h - a potion of brilliance
 k - a potion of mutation {unknown}
 l - a potion of lignification {unknown}
 r - a potion of resistance {unknown}
 u - a potion of curing {unknown}


   Skills:
 + Level 5.1 Fighting
 + Level 0.2(2.2) Axes
 - Level 4.0 Maces & Flails
 + Level 5.1 Armour
 + Level 5.1 Shields


You had 6 spell levels left.
You didn't know any spells.
Your spell library contained the following spells:

 Spells                   Type           Power      Damage    Failure   Level
 Mercury Vapours          Alch/Air       0%         N/A       89%         2
 Mephitic Cloud           Conj/Alch/Air  0%         N/A       98%         3
 Freezing Cloud           Conj/Ice/Air   0%         6-21      100%        5


Dungeon Overview and Level Annotations

Branches:
Dungeon (5/15)
 Temple: D:4-7

Altars:
Trog
Xom


Innate Abilities, Weirdness & Mutations

You are immune to sickness and miasma.
Your stone body is resilient. (AC +4)
You are immune to poison.
You resist negative energy. (rN+)
You are resistant to electric shocks. (rElec)
You are resistant to unholy torment.
You are immune to petrification.


Message History

The orc wizard flickers and vanishes!
Deactivating autopickup; reactivate with Ctrl-A.
The orc priest hits you with a +0 hand axe.
The orc priest hits you with a +0 club.
* * * LOW HITPOINT WARNING * * *
You are too injured to fight recklessly!
Unknown command.
You completely miss the orc priest. You hit the orc priest.
You burn the orc priest. You miss something. The orc priest closely misses you.
The orc priest shouts, "The Pantheon deserves no one's loyalty.
Let us show you the true path!" The orc priest barely misses you.
Something hits you but does no damage.
You barely miss the orc priest. You closely miss something.
You barely miss the orc priest. The orc priest barely misses you.
The orc priest begins to cast a cantrip, but forgets the words!
Something hits you.
* * * LOW HITPOINT WARNING * * *
Something hits you but does no damage. You block the orc priest's attack.
The orc priest hits you but does no damage.
Unknown command.
You closely miss the orc priest.
The orc priest is lightly wounded.
You closely miss the orc priest. You miss something.
The orc priest threatens, "Beogh's wrath is as vast as their mercy.
Make your choice!"
The orc priest hits you but does no damage.
The orc priest invokes the aid of Beogh against you.
Pain shoots through your body!
* * * LOW HITPOINT WARNING * * *
Something hits you but does no damage.
Unknown command.
It was a potion of brilliance.
You feel clever all of a sudden.
The orc priest hits you but does no damage.
The orc priest barely misses you. You block something's attack.
You completely miss the orc priest. You closely miss the orc priest.
You closely miss something.
The orc priest shouts, "Beogh offers mercy even to people such as you.
Join us and be reborn!"
The orc priest hits you but does no damage.
The orc priest mumbles some strange prayers to Beogh against you.
Beogh smites you!
You die...

.## #.. ..# #.#
#.# #.# #.# #.#
####.#######.#
#............#.#
#
#.##.##.###..##.#
# ##o##.##.#
##..##..#
#.o@..##.#
##..##)#
#.{#####.#
##..##. #.. #.#
#...## #.. ..#
#....# #.# ###
#..#.. #.
###....# #.
##.....## #.
#.....##.
#.#..##.#


You could see 2 orc priests.

Vanquished Creatures
  A black bear (D:4)
  A scorpion (D:4)
  3 orc priests
  A hound (D:4)
  A sleepcap (D:4)
  An iguana (D:5)
  2 orc wizards
  6 adders
  2 dart slugs (D:1)
  3 orcs (D:5)
  6 endoplasms
  2 giant cockroaches
  6 goblins
  7 hobgoblins
  6 jackals
  7 kobolds
  3 quokkas
  6 ball pythons
  A bat (D:1)
  A frilled lizard (D:2)
  3 rats
69 creatures vanquished.

Vanquished Creatures (others)
  A scorpion (D:4)
  A hound (D:4)
  An iguana (D:4)
  An orc wizard (D:4)
  An orc (D:4)
5 creatures vanquished.

Grand Total: 74 creatures vanquished

Notes
Turn   | Place    | Note
-------+----------+-------------------------------------------
     0 | D:1      | dialectric the Gargoyle Fighter began the quest for the
                  | Orb.
     0 | D:1      | Reached XP level 1. HP: 14/14 MP: 1/1
   121 | D:1      | Reached XP level 2. HP: 14/19 MP: 2/2
   397 | D:1      | Reached XP level 3. HP: 10/23 MP: 3/3
  1123 | D:2      | Reached XP level 4. HP: 26/29 MP: 4/4
  1430 | D:3      | Found a bloodstained altar of Trog.
  1955 | D:4      | Reached XP level 5. HP: 32/33 MP: 5/5
  2497 | D:4      | Found a shimmering altar of Xom.
  2497 | D:4      | Noticed a black bear
  2510 | D:4      | Reached XP level 6. HP: 37/39 MP: 6/6
  2524 | D:4      | Killed a black bear
  2851 | D:5      | Entered Level 5 of the Dungeon
  2915 | D:5      | Reached skill level 5 in Shields
  2925 | D:5      | Reached skill level 5 in Fighting
  2925 | D:5      | Reached skill level 5 in Armour
  2947 | D:5      | Reached XP level 7. HP: 29/44 MP: 7/7
  3067 | D:5      | Killed from afar by an orc priest

Illustrated notes

Levels and vault maps discovered:
D:1:      nzn_arrival_depleted_hourglass, layout_loops_ring
D:2:      layout_rooms
D:3:      layout_loops_ring, lemuel_coloured_pillars_altar
D:4:      layout_loops_ring, xom_confusion_cloud
D:5:      minmay_general_purpose_star, layout_loops_cross,
          minmay_parallelograms, uniq_edmund

Skill      XL: |  1  2  3  4  5  6 |
---------------+-------------------+-----
Fighting       | 4 5 |  5.1
Shields        | 4 5 |  5.1
Armour         | 4 5 |  5.1
Maces & Flails | 3 4 |  4.0
Axes           | |  0.2

Action                     |  1- 3 |  4- 6 |  7- 9 || total
---------------------------+-------+-------+-------++-------
  Melee: Flail             |    95 |   153 |       ||   248
         War axe           |       |       |    10 ||    10
    Use: Potion            |       |     3 |     2 ||     5
 Armour: Scale mail        |    73 |   128 |    20 ||   221
  Dodge: Dodged            |    52 |    71 |     7 ||   130
  Block: Buckler           |    20 |    31 |     4 ||    55

Table legend: (Time is in decaauts)
 A = Elapsed time spent in this place.
 B = Non-inter-level travel time spent in this place.
 C = Inter-level travel time spent in this place.
 D = Time resting spent in this place.
 E = Time spent auto-exploring this place.
 F = Levels seen in this place.
 G = Mean time per level.
                   A        B        C        D        E       F      G
               +--------+--------+--------+--------+--------+-----+--------+
         Total |   3141 |   3065 |     76 |     52 |   2425 |   5 |  628.2 |
       Dungeon |   3141 |   3065 |     76 |     52 |   2425 |   5 |  628.2 |
               +--------+--------+--------+--------+--------+-----+--------+

Top non-repeatable levels by time:
     D:4: 973 daAuts
     D:1: 878 daAuts
     D:3: 672 daAuts
     D:2: 389 daAuts
     D:5: 228 daAuts
